 Dungeon Crawl Stone Soup version 0.29-a0-1047-g7c58e119a4 (webtiles) character file.

Game seed: 14551359322475860166

20 Sobieck the Ruffian (level 2, 0/25 HPs)
             Began as a Ghoul Gladiator on Aug 16, 2022.
             Slain by a gnoll
             ... wielding a +0 halberd
              (7 damage)
             ... on level 2 of the Dungeon.
             The game lasted 00:01:56 (1141 turns).

Sobieck the Ruffian (Ghoul Gladiator)               Turns: 1141, Time: 00:01:57

Health: 0/25       AC:  6    Str: 17    XL:     2   Next: 79%
Magic:  1/1        EV: 12    Int:  3    God:
Gold:   58         SH:  0    Dex: 10    Spells: 1/1 levels left

rFire   + . .      SeeInvis .     - Unarmed
rCold   + . .      Faith    .   (no shield)
rNeg    + + +      Spirit   .   l - +2 leather armour {rF+}
rPois   ∞          Reflect  .   k - +1 hat
rElec   .          Harm     .   (no cloak)
rCorr   .          Rampage  .   (no gloves)
Will    .....                   (no boots)
Stlth   +.........              (no amulet)
HPRegen 0.00/turn               (no ring)
MPRegen 0.07/turn               (no ring)

@: inhibited regen
A: claws 1, cold resistance 1, negative energy resistance 3, inhibited
regeneration, torment resistance 2, devour on kill
a: no special abilities


You were on level 2 of the Dungeon.
You visited 1 branch of the dungeon, and saw 2 of its levels.

You collected 58 gold pieces.


Innate Abilities, Weirdness & Mutations

You are immune to poison.
You have sharp fingernails.
Your flesh is cold resistant. (rC+)
You are immune to negative energy. (rN+++)
You do not regenerate when monsters are visible.
You are immune to unholy pain and torment.
You thrive by killing the living.


   Skills:
 + Level 2.5 Fighting
 + Level 2.0 Throwing
 + Level 2.9 Dodging
 * Level 3.7 Unarmed Combat


You had one spell level left.
You didn't know any spells.
Your spell library was empty.

Inventory:

Hand Weapons
 b - a +0 sling
   (You found it on level 1 of the Dungeon)
Missiles
 c - 3 throwing nets {=f!fthrowing}
 d - a javelin {throwing}
 f - 7 poisoned darts {throwing}
 g - 17 stones {throwing}
Armour
 a - a +0 leather armour
 i - a +0 helmet
 j - a +0 chain mail
   (You found it on level 1 of the Dungeon)
 k - a +1 hat (worn)
   (You found it on level 1 of the Dungeon)
 l - a +2 leather armour of fire resistance (worn)
   (You found it on level 1 of the Dungeon)
Jewellery
 o - a +4 ring of protection
   (You found it on level 2 of the Dungeon)
Scrolls
 e - 4 scrolls of identify {unknown}
 m - a scroll of poison {unknown}
 n - a scroll of enchant weapon {unknown}
 p - a scroll of torment {unknown}
 q - a scroll of vulnerability {unknown}
Potions
 h - 2 potions of curing {unknown}

Dungeon Overview and Level Annotations

Branches:
Dungeon (2/15) Zot: 10855

Altars:

#.......#
#.#†#
#########
#.#.#
#.#.#
#.#.#
#.#.#
#.#.#
..#.#
.#######.#
....ggg@.#
##########


You could see 3 gnolls.


Message History

You enter the shallow water.
Moving in this stuff is going to be slow.
You now have 39 gold pieces (gained 1).
There is a faded altar of an unknown god here.
You enter the shallow water.
Moving in this stuff is going to be slow.
You now have 40 gold pieces (gained 1).
You now have 41 gold pieces (gained 1).
You see here a frilled lizard skeleton.
l - a +2 leather armour of fire resistance You start removing your armour.
You continue taking off your +0 leather armour. x4
You finish taking off your +0 leather armour.
You start putting on your armour.
You continue putting on your +2 leather armour of fire resistance. x5
You finish putting on your +2 leather armour of fire resistance.
You feel resistant to fire.
You start removing your armour.
You continue taking off your +0 helmet. x4
You finish taking off your +0 helmet.
You start putting on your armour.
You continue putting on your +1 hat. x5
You finish putting on your +1 hat.
Unknown command.
Unknown command.
Unknown command.
Found a stone staircase leading down.
Unknown command.
There is a stone staircase leading down here.
m - a scroll labelled EPIMOPSUMUF Done exploring.
There is a stone staircase leading down here.
You climb downwards.
There is a stone staircase leading up here.
Unknown command.
Unknown command.
n - a scroll labelled KOCAOK LOXO Unknown command.
Found a stone staircase leading down.
Unknown command.
o - a +4 ring of protection Unknown command.
There is a stone staircase leading down here.
You now have 58 gold pieces (gained 17).
There is a stone staircase leading down here.
Found a stone staircase leading up.
Unknown command.
There is a stone staircase leading up here.
p - a scroll labelled OZEALAOWUWN Unknown command.
A goblin comes into view. It is wielding a +0 club.
The goblin unwields a +0 club.
The goblin wields a +0 sling.
The goblin shoots a sling bullet.
The sling bullet hits you but does no damage.
Danger!
You shoot a sling bullet.
The sling bullet closely misses the goblin.
The goblin shoots a sling bullet.
The sling bullet misses you.
You shoot a sling bullet.
The sling bullet completely misses the goblin.
The goblin shoots a sling bullet.
The sling bullet closely misses you.
You shoot a sling bullet. The sling bullet hits the goblin.
The goblin shoots a sling bullet.
The sling bullet misses you.
You shoot a sling bullet. The sling bullet hits the goblin!
You kill the goblin!
No target in view!
Things that are here:
a +0 sling; a +0 club {mace} A bat comes into view.
Danger!
You shoot a sling bullet. The sling bullet hits the bat.
You kill the bat!
No target in view!
No target in view!
q - a scroll labelled FITOEMYRRU Unknown command.
A rat comes into view.
Danger!
You shoot a sling bullet. The sling bullet hits the rat.
You kill the rat!
You see here a rat corpse. 3 gnolls come into view.
The gnoll shouts! x2
Danger!
You are now empty-clawed.
The gnoll barely misses you.
You barely miss the gnoll. The gnoll hits you but does no damage.
You scratch the gnoll. The gnoll hits you with a +0 halberd!
You are too injured to fight recklessly!
You are too injured to fight recklessly!
You are too injured to fight recklessly!
You are too injured to fight recklessly!
You barely miss the gnoll. The gnoll misses you.
You scratch the gnoll. The gnoll hits you with a +0 halberd.
* * * LOW HITPOINT WARNING * * *
You closely miss the gnoll. The gnoll barely misses you.
You barely miss the gnoll. The gnoll hits you with a +0 halberd.
* * * LOW HITPOINT WARNING * * *
You scratch the gnoll. The gnoll closely misses you.
You barely miss the gnoll. The gnoll barely misses you.
You barely miss the gnoll. The gnoll hits you with a +0 halberd!
You die...

Skill      XL: |  1  2 |
---------------+-------+-----
Throwing       | 2 |  2.0
Fighting       | |  2.5
Dodging        | |  2.9
Unarmed Combat | |  3.7

Action                   || total
-------------------------++-------
Melee: Unarmed           ||    37
 Fire: Sling             ||    20
Armor: Leather armour    ||    15
Dodge: Dodged            ||    23

Levels and vault maps discovered:
D:1:      saegor_arrival_simple_e, layout_loops_cross,
          hellmonk_ecumenical_altar_pennies_from_heaven, nrook_uturn
D:2:      minmay_angry_zag, layout_basic

Notes
Turn   | Place    | Note
-------+----------+-------------------------------------------
     0 | D:1      | Sobieck the Ghoul Gladiator began the quest for the Orb.
     0 | D:1      | Reached XP level 1. HP: 17/17 MP: 0/0
   282 | D:1      | Reached XP level 2. HP: 25/25 MP: 1/1
   481 | D:1      | Reached skill level 2 in Throwing
   702 | D:1      | Found a faded altar of an unknown god.
  1141 | D:2      | Slain by a gnoll

Vanquished Creatures
  3 bats
  A goblin (D:2)
  2 hobgoblins (D:1)
  5 jackals (D:1)
  2 kobolds (D:1)
  A ball python (D:1)
  A frilled lizard (D:1)
  A rat (D:2)
16 creatures vanquished.

Table legend:
 A = Non-vault XP
 B = Vault XP
 C = Vault XP percentage of total XP
 D = Non-vault monster count
 E = Vault monster count
 F = Vault count percentage of total count
                 A         B        C        D         E       F
            +---------+---------+-------+---------+---------+-------
      Total |      29 |       0 |   0.0 |      16 |       0 |   0.0
            +---------+---------+-------+---------+---------+-------
        D:1 |      24 |       0 |   0.0 |      13 |       0 |   0.0
        D:2 |       5 |       0 |   0.0 |       3 |       0 |   0.0
            +---------+---------+-------+---------+---------+-------

Illustrated notes

Table legend:
 A = Kills in this place as a percentage of kills in entire the game.
 B = Kills by you in this place as a percentage of kills by you in the entire game.
 C = Kills by friends in this place as a percentage of kills by friends in the entire game.
 D = Other kills in this place as a percentage of other kills in the entire game.
 E = Experience gained in this place as a percentage of experience gained in the entire game.
 F = Experience gained in this place divided by the number of levels of this place that you have seen.
                   A       B       C       D       E      F
               +-------+-------+-------+-------+-------+----------------------
         Total | 100.0 | 100.0 |   N/A |   N/A | 100.0 |  14.5
       Dungeon | 100.0 | 100.0 |   N/A |   N/A | 100.0 |  14.5
               +-------+-------+-------+-------+-------+----------------------

Table legend: (Time is in decaauts)
 A = Elapsed time spent in this place.
 B = Non-inter-level travel time spent in this place.
 C = Inter-level travel time spent in this place.
 D = Time resting spent in this place.
 E = Time spent auto-exploring this place.
 F = Levels seen in this place.
 G = Mean time per level.
                   A        B        C        D        E       F      G
               +--------+--------+--------+--------+--------+-----+--------+
         Total |   1143 |   1099 |     44 |      0 |    957 |   2 |  571.5 |
       Dungeon |   1143 |   1099 |     44 |      0 |    957 |   2 |  571.5 |
               +--------+--------+--------+--------+--------+-----+--------+

Top non-repeatable levels by time:
     D:1: 982 daAuts
     D:2: 160 daAuts
